 Dungeon Crawl Stone Soup version 0.28.0-47-ge53b351184 (webtiles) character file.

Game seed: 1697672243760697523

85686 pkoi the Destroyer (level 15, 0/118 HPs)
             Began as a Demigod Conjurer on May 9, 2022.
             Slain by Mlioglotl (2 damage)
             ... while petrified by a merfolk impaler
             ... on level 1 of the Shoals.
             The game lasted 01:26:25 (49692 turns).

pkoi the Destroyer (Demigod Conjurer)              Turns: 49692, Time: 01:26:26

Health: 0/118      AC: 13    Str:  6 (8)  XL:     15   Next: 0%
Magic:  17/33      EV:  2    Int: 37 (40) God:
Gold:   1326       SH:  0    Dex: 10 (12) Spells: 8/33 levels left

rFire   + . .      SeeInvis .   g - +0 dagger (speed)
rCold   . . .      Faith    .   (no shield)
rNeg    + + +      Spirit   .   r - +0 swamp dragon scales
rPois   ∞          Reflect  .   e - +2 helmet of Eternity {rN+}
rElec   .          Harm     .   u - scarf {repulsion}
rCorr   .          Rampage  .   (no gloves)
Will    +....                   o - +0 pair of boots
Stlth   +.........              l - amulet of regeneration
HPRegen 1.09/turn               x - ring of willpower
MPRegen 0.23/turn               H - ring of protection from fire

@: petrified, weak-willed, very slightly contaminated, repel missiles, very slow
A: high MP 1, forlorn, divine attributes, fangs 1, wild magic 1
a: no special abilities


You were on level 1 of the Shoals.
You visited 4 branches of the dungeon, and saw 22 of its levels.
You also visited: Ice Cave.

You collected 1326 gold pieces.

Inventory:

Hand Weapons
 g - a +0 dagger of speed (weapon)
 w - the +12 long sword of Qomaul {drain, *Rage rF+ Will+ rCorr}
   (You found it on level 9 of the Dungeon)

   A truly terrible weapon, it drains the life of any living foe it strikes.
   rF:        It protects you from fire.
   *Rage:     It berserks you when you make melee attacks (+20% chance).
   rCorr:     It protects you from acid and corrosion.
   Will:      It increases your willpower.
 D - a +2 whip of venom
Missiles
 y - 7 throwing nets
 B - 10 curare-tipped darts
Armour
 e - the +2 helmet of Eternity (worn) {rN+}
   (You found it on level 5 of the Lair of Beasts)

   rN:        It protects you from negative energy.
 h - the +1 leather armour "Gouxt" {rC+ Dex+3 Stlth+}
   (You found it on level 2 of the Dungeon)

   Dex:       It affects your dexterity (+3).
   rC:        It protects you from cold.
   Stlth:     It makes you more stealthy.
 o - a +0 pair of boots (worn)
 r - +0 swamp dragon scales (worn)
 u - a scarf of repulsion (worn)
Jewellery
 b - a ring of protection from cold
 l - an amulet of regeneration (around neck)
 x - a ring of willpower (left hand)
 H - a ring of protection from fire (right hand)
 M - a ring of flight
Wands
 a - a wand of mindburst (10)
 f - a wand of paralysis (21)
 G - a wand of polymorph (5)
 J - a wand of charming (4)
 K - a wand of iceblast (3)
 O - a wand of acid (11)
 R - a wand of flame (25)
Scrolls
 i - 8 scrolls of identify
 k - a scroll of summoning
 n - 8 scrolls of teleportation
 p - 2 scrolls of blinking
 s - 3 scrolls of magic mapping
 t - 4 scrolls of enchant armour
 N - a scroll of brand weapon
 P - 3 scrolls of fog
 Q - 2 scrolls of silence
 S - a scroll of fear
 U - 2 scrolls of holy word
 V - a scroll of enchant weapon
 W - 3 scrolls of amnesia
Potions
 c - 7 potions of curing
 d - 2 potions of resistance
 j - a potion of invisibility
 m - 4 potions of might
 q - 3 potions of flight
 z - 3 potions of lignification
 A - 4 potions of haste
 C - a potion of cancellation
 E - 7 potions of brilliance
 F - a potion of berserk rage
 I - 2 potions of ambrosia
 L - 5 potions of heal wounds


   Skills:
 - Level 7.0 Fighting
 + Level 7.1 Armour
 + Level 6.1 Dodging
 - Level 3.0 Stealth
 + Level 9.8 Spellcasting
 + Level 13.9 Conjurations
 - Level 10.0 Hexes
 - Level 7.1 Translocations
 - Level 9.0 Transmutations
 - Level 5.0 Evocations


You had 8 spell levels left.
You knew the following spells:

 Your Spells              Type           Power      Damage    Failure   Level
a - Magic Dart            Conj           100%       1d8       1%          1
b - Searing Ray           Conj           100%       2d8       1%          2
c - Iskenderun's Mystic   Conj/Tloc      90%        2d18      1%          4
d - Fulminant Prism       Conj/Hex       47%        3d21      1%          4
e - Irradiate             Conj/Tmut      47%        3d29      3%          5
f - Passage of Golubria   Tloc           75%        N/A       6%          4
g - Yara's Violent Unrav  Hex/Tmut       43%        3d17      7%          5

Your spell library contained the following spells:

 Spells                   Type           Power      Damage    Failure   Level
 Dazzling Flash           Conj/Hex       100%       N/A       1%          3
 Tukima's Dance           Hex            88%        N/A       1%          3
 Ensorcelled Hibernation  Hex/Ice        100%       N/A       2%          2
 Passwall                 Tmut/Erth      50%        N/A       3%          2
 Summon Guardian Golem    Hex/Summ       64%        N/A       4%          3
 Blade Hands              Tmut           42%        N/A       8%          5
 Summon Small Mammal      Summ           92%        N/A       11%         1
 Corpse Rot               Necr/Air       46%        N/A       16%         2
 Sublimation of Blood     Necr           23%        N/A       16%         2
 Ice Form                 Ice/Tmut       61%        N/A       16%         4
 Petrify                  Tmut/Erth      61%        N/A       16%         4
 Call Canine Familiar     Summ           23%        N/A       30%         3
 Frozen Ramparts          Ice            46%        1d6       30%         3
 Swiftness                Air            23%        N/A       30%         3
 Alistair's Intoxication  Tmut/Pois      40%        N/A       38%         5
 Dispel Undead            Necr           23%        3d12      65%         4
 Dragon Form              Tmut           42%        N/A       88%         7
 Eringya's Noxious Bog    Tmut/Pois      30%        N/A       90%         6
 Borgnjor's Vile Clutch   Necr/Erth      11%        N/A       93%         5
 Death Channel            Necr           11%        N/A       100%        6
 Simulacrum               Ice/Necr       11%        N/A       100%        6


Dungeon Overview and Level Annotations

Branches:
Dungeon (14/15)            Temple (0/1) D:7            Lair (6/6) D:10
 Shoals (1/4) Lair:4       Spider (1/4) Lair:2        Slime (0/5) Lair:5
    Orc (0/2) D:10          IceCv (visited)
 Vaults: D:13-14

Portals:
Trove: D:10 (give 12 potions of heal wounds)

Annotations:
Lair:6 exclusion: obsidian statue
Shoals:1 Mlioglotl


Innate Abilities, Weirdness & Mutations

You have an increased reservoir of magic. (+10% MP)
You shall have no god before yourself.
Your divine heritage dramatically boosts your attributes as you level up.
You have very sharp teeth.
Your spells are a little harder to cast, but a little more powerful.


Message History

* * * LOW HITPOINT WARNING * * *
The faun shoots a sling bullet.
The sling bullet hits you.
* * * LOW HITPOINT WARNING * * *
The faun shoots a stone.
The stone hits you!
* * * LOW HITPOINT WARNING * * *
The merfolk impaler hits you from afar with a +0 trident of chaos.
* * * LOW HITPOINT WARNING * * *
The merfolk impaler burns you.
The merfolk hits you from afar with a +0 trident!
* * * LOW HITPOINT WARNING * * *
Mlioglotl churns violently!
Mlioglotl seems to grow stronger.
You hear a roar!
You have turned to stone.
The centaur warrior unwields a +0 shortbow.
The centaur warrior hits you!
* * * LOW HITPOINT WARNING * * *
The centaur warrior kicks you but does no damage.
The merfolk impaler barely misses you. Mlioglotl hits you but does no damage.
Mlioglotl tramples you!
* * * LOW HITPOINT WARNING * * *
You are shoved backwards!
Splash!
The centaur warrior hits you.
* * * LOW HITPOINT WARNING * * *
The centaur warrior kicks you but does no damage.
A nearby plant withers and dies.
Mlioglotl completely misses you. Mlioglotl tramples you!
* * * LOW HITPOINT WARNING * * *
You are shoved backwards!
Splash!
A manticore comes into view.
Found a potion of lignification.
Mlioglotl hits you but does no damage. Mlioglotl tramples you!
* * * LOW HITPOINT WARNING * * *
You are shoved backwards!
Splash!
The centaur warrior hits the plant!
The plant begins to die.
The centaur warrior kicks the plant.
Mlioglotl hits you.
You die...

≈≈≈≈≈≈≈≈≈≈≈≈≈≈≈
≈≈≈≈≈≈≈≈P≈≈≈P≈≈≈
≈≈≈≈≈≈≈≈≈≈≈H≈≈≈≈≈
≈≈≈≈≈≈P≈≈≈≈≈≈≈≈≈≈≈
.≈≈≈≈≈≈≈≈≈≈≈≈≈≈≈..≈
≈...≈≈≈≈P≈≈≈P≈≈....
≈≈≈....≈cP≈P≈P≈....!.
≈≈.##...≈PmPP@.......
≈≈.......≈PcX≈#.###..
≈........≈X≈tm≈.##
≈........cc≈≈≈≈≈....
≈..........≈≈≈≈≈≈≈≈≈
..)#........≈≈≈≈≈≈≈≈
......≈<...1≈≈≈≈≈≈≈≈
....#.X....≈≈≈≈≈≈≈≈≈
..P...≈≈≈≈≈≈≈≈≈≈≈≈≈≈


You could see a Hell Sentinel (summoned), Mlioglotl (strong, misshapen), a
merfolk impaler, a merfolk, a centaur warrior, an apocalypse crab, 3 fauns, a
manticore and 2 large abominations.

Vanquished Creatures
  Gastronok (Lair:1)
  An azure jelly (IceCv)
  2 quicksilver oozes (IceCv)
  The ghost of Mumum the Arsonist, a journeyman DrFE of Vehumet (Lair:5)
  A spark wasp (shapeshifter) (D:13)
  6 dire elephants
  The ghost of Cheops the Slicer, a journeyman VSFi of Uskayaw (Lair:5)
  9 hydras
  Harold (D:9)
  2 centaur warriors (D:13)
  A vault guard (D:14)
  A jorogumo (Spider:1)
  2 catoblepae (Lair:4)
  A merfolk avatar (Shoals:1)
  3 two-headed ogres
  21 death yaks
  A pharaoh ant (Spider:1)
  A spectral anaconda (Lair:6)
  Pikel (D:7)
  A lindwurm (Lair:4)
  2 orc knights (D:10)
  3 necromancers (Lair:6)
  A wolf spider (Spider:1)
  An apocalypse crab (Shoals:1)
  A dire elephant zombie (Lair:6)
  3 ice statues (IceCv)
  6 black mambas
  12 elephants
  3 gargoyles
  15 cane toads
  4 kobold demonologists
  4 rime drakes
  An unseen horror (D:10)
  7 komodo dragons
  Maggie (D:7)
  An efreet (D:14)
  3 trolls
  A meliai (Lair:2)
  5 polar bears
  Prince Ribbit (D:6)
  24 slime creatures
  5 dream sheep (Lair:6)
  15 blink frogs
  A jumping spider (Spider:1)
  A shadow (D:11)
  2 wyverns
  A vampire (D:14)
  3 wraiths
  32 yaks
  A dire elephant simulacrum (Lair:6)
  7 vampire mosquitoes
  3 steam dragons
  4 redbacks (Spider:1)
  A death yak simulacrum (Lair:6)
  Grum (D:9)
  2 basilisks
  A spectral cane toad (Lair:6)
  Menkaure (D:5)
  A swamp worm (shapeshifter) (D:14)
  Edmund (D:5)
  5 acid dragons
  16 water moccasins
  2 demonic crawler simulacra (IceCv)
  12 orc warriors
  A black bear (D:7)
  A necrophage (D:6)
  2 ugly thing simulacra (IceCv)
  4 ogres
  An elephant zombie (Lair:6)
  2 lemures (D:7)
  18 wolves
  4 elephant skeletons (Lair:6)
  7 centaurs
  2 kobold brigands
  6 bullfrogs
  A gnoll sergeant (D:7)
  3 scorpions
  3 glowing shapeshifter simulacra (IceCv)
  A water moccasin zombie (D:6)
  A wyvern skeleton (D:7)
  An elf skeleton (D:6)
  5 killer bees
  5 wights (D:8)
  6 howler monkeys
  4 centaur zombies
  4 hounds
  4 iguanas
  11 orc priests
  3 human skeletons (D:6)
  Jessica (D:2)
  Natasha (thrice) (D:2)
  12 orc wizards
  A killer bee zombie (D:7)
  A hound skeleton (D:5)
  A howler monkey zombie (D:8)
  Robin (D:2)
  6 gnolls
  7 adders
  A river rat (D:10)
  12 white imps (Lair:4)
  3 adder skeletons (D:4)
  2 worms (D:3)
  7 dart slugs
  45 orcs
  10 endoplasms
  4 giant cockroaches
  16 goblins
  10 hobgoblins
  12 jackals
  17 kobolds
  7 quokkas
  6 ball pythons
  6 bats
  A frilled lizard (D:2)
  2 orc skeletons (D:6)
  6 rats
  A bush (Lair:1)
  2 fulminant prisms
578 creatures vanquished.

Vanquished Creatures (others)
  2 demonic crawler simulacra (IceCv)
  An ugly thing simulacrum (IceCv)
  3 bushes (Lair:6)
  435 fulminant prisms
  74 fungi
  86 plants
  31 withered plants
632 creatures vanquished.

Grand Total: 1210 creatures vanquished

Notes
Turn   | Place    | Note
-------+----------+-------------------------------------------
     0 | D:1      | pkoi the Demigod Conjurer began the quest for the Orb.
     0 | D:1      | Reached XP level 1. HP: 14/14 MP: 5/5
   341 | D:1      | Reached skill level 4 in Conjurations
   421 | D:1      | Reached XP level 2. HP: 20/20 MP: 4/7
   866 | D:1      | Learned a level 2 spell: Searing Ray
  1852 | D:1      | Reached XP level 3. HP: 26/26 MP: 3/8
  2131 | D:2      | Noticed Robin
  2451 | D:2      | Reached skill level 5 in Conjurations
  2516 | D:2      | Noticed Natasha
  2519 | D:2      | Killed Natasha
  2520 | D:2      | Reached XP level 4. HP: 33/33 MP: 4/9
  2655 | D:2      | Noticed Natasha
  2664 | D:2      | Killed Natasha
  2781 | D:2      | Noticed Jessica
  2784 | D:2      | Killed Jessica
  2849 | D:2      | Noticed Natasha
  2852 | D:2      | Killed Natasha
  2853 | D:2      | Reached skill level 6 in Conjurations
  2853 | D:2      | Reached XP level 5. HP: 38/38 MP: 6/10
  3283 | D:2      | Identified the +1 leather armour "Gouxt" {rC+ Dex+3 Stlth+}
  3611 | D:2      | Learned a level 4 spell: Iskenderun's Mystic Blast
  3815 | D:2      | Killed Robin
  5148 | D:3      | Reached skill level 1 in Armour
  5148 | D:3      | Reached skill level 1 in Translocations
  5662 | D:3      | Reached XP level 6. HP: 45/45 MP: 7/11
  6954 | D:4      | Reached skill level 5 in Fighting
  6954 | D:4      | Reached skill level 5 in Armour
  6954 | D:4      | Reached skill level 5 in Spellcasting
  6954 | D:4      | Reached skill level 8 in Conjurations
  6954 | D:4      | Reached XP level 7. HP: 61/61 MP: 9/18
  7031 | D:4      | Learned a level 4 spell: Fulminant Prism
  7037 | D:4      | Learned a level 5 spell: Irradiate
  7897 | D:5      | Entered Level 5 of the Dungeon
  8942 | D:5      | Reached skill level 9 in Conjurations
  8959 | D:5      | Noticed Edmund
  8992 | D:5      | Killed Edmund
  9233 | D:5      | Reached XP level 8. HP: 69/69 MP: 10/19
  9431 | D:5      | Noticed Menkaure
  9439 | D:5      | Killed Menkaure
  9638 | D:6      | Reached skill level 1 in Transmutations
 10030 | D:6      | Reached skill level 1 in Hexes
 10924 | D:6      | Noticed Prince Ribbit
 11417 | D:6      | Killed Prince Ribbit
 11418 | D:6      | Reached XP level 9. HP: 75/75 MP: 3/21
 12675 | D:7      | Noticed Maggie
 13397 | D:7      | Noticed Pikel
 13404 | D:7      | Killed Pikel
 13841 | D:7      | Gained mutation: You have very sharp teeth. [potion of
                  | mutation]
 13841 | D:7      | Gained mutation: Your spells are a little harder to cast,
                  | but a little more powerful. [potion of mutation]
 14388 | D:7      | Killed Maggie
 14726 | D:7      | Reached skill level 10 in Conjurations
 14911 | D:7      | Found a staircase to the Ecumenical Temple.
 14974 | D:7      | Noticed a +0 spear
 14974 | D:7      | Noticed a +0 dagger
 14974 | D:7      | Noticed a +0 falchion
 14975 | D:7      | Noticed a +0 short sword
 14975 | D:7      | Noticed a +0 falchion
 14976 | D:7      | Noticed a +0 short sword
 14977 | D:7      | Noticed a +0 spear
 14978 | D:7      | Noticed a +0 dagger
 15215 | D:7      | Identified the +0 robe "Oppe" {rN+}
 15571 | D:8      | Reached XP level 10. HP: 79/83 MP: 9/22
 15726 | D:8      | Reached skill level 1 in Evocations
 16866 | D:9      | Noticed Harold
 16910 | D:9      | Killed Harold
 17260 | D:9      | Noticed a two-headed ogre
 17263 | D:9      | Killed a two-headed ogre
 17351 | D:9      | Noticed Grum
 17359 | D:9      | Killed Grum
 18122 | D:10     | Entered Level 10 of the Dungeon
 18591 | D:10     | Reached XP level 11. HP: 87/89 MP: 6/24
 19129 | D:10     | Noticed a death yak
 19157 | D:10     | Killed a death yak
 19158 | D:10     | Reached skill level 5 in Translocations
 19261 | D:10     | Noticed an orc knight
 19270 | D:10     | Killed an orc knight
 19271 | D:10     | Reached skill level 5 in Hexes
 19514 | D:10     | Noticed an orc knight
 19514 | D:10     | Noticed a death yak
 19515 | D:10     | Noticed a death yak
 19526 | D:10     | Killed a death yak
 19527 | D:10     | Reached skill level 5 in Transmutations
 19539 | D:10     | Killed an orc knight
 20418 | D:10     | Found a staircase to the Orcish Mines.
 20589 | D:10     | Found a portal to a secret trove of treasure.
 20649 | D:10     | Found a staircase to the Lair.
 20854 | Lair:1   | Entered Level 1 of the Lair of Beasts
 20878 | Lair:1   | Noticed Gastronok
 21219 | Lair:1   | Killed Gastronok
 21364 | Lair:1   | Noticed a six-headed hydra
 21372 | Lair:1   | Reached skill level 11 in Conjurations
 21373 | Lair:1   | Killed a six-headed hydra
 21806 | Lair:1   | Reached skill level 5 in Evocations
 23049 | Lair:2   | Learned a level 4 spell: Passage of Golubria
 23166 | Lair:2   | Noticed a four-headed hydra
 23172 | Lair:2   | Killed a four-headed hydra
 23173 | Lair:2   | Reached XP level 12. HP: 86/96 MP: 12/25
 23489 | Lair:2   | Found a hole to the Spider Nest.
 26304 | Lair:4   | Noticed a catoblepas
 26316 | Lair:4   | Killed a catoblepas
 26325 | Lair:4   | Found a frozen archway.
 26339 | IceCv    | Entered an ice cave
 26731 | IceCv    | Noticed a quicksilver ooze
 26758 | IceCv    | Reached skill level 12 in Conjurations
 27221 | IceCv    | Killed a quicksilver ooze
 27513 | IceCv    | Noticed an azure jelly
 27523 | IceCv    | Killed an azure jelly
 28022 | IceCv    | Reached XP level 13. HP: 102/102 MP: 10/28
 28842 | IceCv    | Noticed a quicksilver ooze
 28851 | IceCv    | Killed a quicksilver ooze
 29105 | IceCv    | Got the Collected Works on the Frostbite
 30555 | Lair:4   | Found a staircase to the Shoals.
 31641 | Lair:5   | Found a runed translucent gate.
 31641 | Lair:5   | Found a runed translucent gate.
 31643 | Lair:5   | Noticed Cheops's ghost (journeyman VSFi)
 31650 | Lair:5   | Noticed Mumum's ghost (journeyman DrFE)
 32429 | Lair:5   | Found a staircase to the Slime Pits.
 32463 | Lair:5   | Found a runed translucent gate.
 34046 | Lair:5   | Killed Cheops's ghost
 34057 | Lair:5   | Killed Mumum's ghost
 34204 | Lair:5   | Identified the +2 helmet of Eternity {rN+}
 34251 | Lair:6   | Entered Level 6 of the Lair of Beasts
 35355 | Lair:6   | Reached XP level 14. HP: 91/111 MP: 15/31
 35356 | Lair:6   | Reached skill level 13 in Conjurations
 37970 | Lair:6   | Learned a level 5 spell: Yara's Violent Unravelling
 40628 | Lair:5   | Found a staircase to the Slime Pits.
 42248 | D:9      | Identified the +12 long sword of Qomaul {drain, *Rage rF+
                  | Will+ rCorr}
 42642 | D:10     | Reached skill level 10 in Hexes
 42856 | D:10     | Found a staircase to the Lair.
 42984 | D:10     | Found a staircase to the Orcish Mines.
 43001 | D:10     | Found a portal to a secret trove of treasure.
 43298 | D:11     | Reached skill level 5 in Dodging
 48430 | Spider:1 | Entered Level 1 of the Spider Nest
 49166 | Lair:2   | HP: 2/112 [something (11)]
 49489 | Shoals:1 | Entered Level 1 of the Shoals
 49499 | Shoals:1 | Noticed Mlioglotl
 49500 | Shoals:1 | Reached XP level 15. HP: 57/118 MP: 14/33
 49689 | Shoals:1 | Noticed a Hell Sentinel
 49692 | Shoals:1 | HP: 2/118 [Mlioglotl (8)]
 49692 | Shoals:1 | Slain by Mlioglotl

Illustrated notes

Levels and vault maps discovered:
D:1:      lemuel_arrival_hallway, layout_loops_ring
D:2:      layout_loops_cross, uniq_jessica, uniq_robin, uniq_natasha
D:3:      minmay_angry_zag, layout_rooms, serial_bayou_pond_a
D:4:      layout_cave_pools
D:5:      layout_rooms, lemuel_doored_altar, serial_bayou_pond_d,
          minmay_misc_feat_secret_circle, uniq_menkaure, uniq_edmund
D:6:      layout_loops_corners, nicolae_ossuary_entry_catacombs,
          minmay_misc_feat_chi, st_stairs_14,
          amcnicky_mini_rare_corridor_liquid, uniq_prince_ribbit1
D:7:      layout_cave_pools, nicolae_uskayaw_en_pointe, elyvilon_altar_1,
          minmay_temple_entry_butterflies, serial_column_ruins,
          column_ruins_courtyard_long, column_ruins_square_small,
          column_ruins_grid_3, column_ruins_open_small,
          column_ruins_open_medium, column_ruins_grid_1, uniq_maggie, uniq_pikel
D:8:      layout_rooms, fedhas_altar_2
D:9:      layout_basic, uniq_grum, uniq_harold
D:10:     wander_river, layout_rooms, dpeg_lair_monsters, david_orc_5,
          enter_trove_0
D:11:     layout_loops_ring
D:12:     layout_loops_ring
D:13:     layout_long_grid, hex_medium
D:14:     minmay_stepped, layout_irregular_city, erik_vaults_2,
          kennysheep_another_room
Lair:1:   statuecave_lemuel, layout_misc_corridors, uniq_gastronok
Lair:2:   layout_chaotic_city, hellmonk_spider_entry_not_the_bees, basic_altar
Lair:3:   layout_gridlike, chequers_serial_rivers_micro_a,
          chequers_serial_rivers_micro_a
Lair:4:   layout_regular_city, shoals_dummy_entry,
          nicolae_volcano_entry_vermiform, portal_ice_cave_entry_imps
Lair:5:   beast_lair_carwin_large_2, layout_layer_cave,
          dpeg_slime_entry_enclosed_altar, gammafunk_ghost_cemetery,
          serial_bayou_shore_b
Lair:6:   due_jungle_book, layout_cave_pods, minmay_stone_trees_small
Shoals:1: dreamdust_from_the_deep, layout_shoals,
          nicolae_shoals_abyss_on_the_beach, uniq_mlioglotl
Spider:1: nicolae_spider_hilbert_zone_3 [nicolae_spider_hilbert_4_sides_2_open,
          nicolae_spider_hilbert_3_sides_1_open,
          nicolae_spider_hilbert_3_sides_1_open,
          nicolae_spider_hilbert_3_sides_1_open,
          nicolae_spider_hilbert_3_sides_1_open,
          nicolae_spider_hilbert_4_sides_1_open,
          nicolae_spider_hilbert_4_sides_1_open,
          nicolae_spider_hilbert_4_sides_1_open,
          nicolae_spider_hilbert_4_sides_1_open,
          nicolae_spider_hilbert_4_sides_1_open,
          nicolae_spider_hilbert_4_sides_1_open,
          nicolae_spider_hilbert_4_sides_1_open,
          nicolae_spider_hilbert_4_sides_1_open,
          nicolae_spider_hilbert_3_sides_1_open,
          nicolae_spider_hilbert_3_sides_1_open,
          nicolae_spider_hilbert_3_sides_1_open,
          nicolae_spider_hilbert_3_sides_1_open], nicolae_spider_paper_wasps,
          uniq_jorgrun

Skill      XL: |  1  2  3  4  5  6  7  8  9 10 11 12 13 14 |
---------------+-------------------------------------------+-----
Conjurations   | 4 5 6 8 9 10 11 12 13 | 13.9
Armour         | 1 5 6 7 |  7.1
Translocations | 1 2 3 4 6 7 |  7.1
Fighting       | 5 6 7 |  7.0
Spellcasting   | 5 6 7 8 9 |  9.8
Transmutations | 1 3 4 6 7 8 9 |  9.0
Hexes          | 1 3 4 6 7 9 10 | 10.0
Evocations     | 3 5 |  5.0
Stealth        | 3 |  3.0
Dodging        | 3 6 |  6.1

Action                   |  1- 3 |  4- 6 |  7- 9 | 10-12 | 13-15 || total
-------------------------+-------+-------+-------+-------+-------++-------
Melee: Dagger            |    15 |    11 |    41 |    46 |    30 ||   143
       Punch             |       |       |     1 |     2 |       ||     3
       Short sword       |       |       |       |    34 |     2 ||    36
       Bite              |       |       |       |    13 |     9 ||    22
       Whip              |       |       |       |    11 |       ||    11
 Cast: Magic Dart        |    86 |   143 |    77 |    20 |    51 ||   377
       Searing Ray       |       |     4 |     8 |     2 |       ||    14
       Iskenderun's Myst |       |     1 |    49 |    96 |   193 ||   339
       Fulminant Prism   |       |       |    43 |   140 |   255 ||   438
       Irradiate         |       |       |       |     2 |     3 ||     5
Evoke: Wand              |       |       |       |    13 |     4 ||    17
  Use: Scroll            |       |     9 |     7 |     9 |     5 ||    30
       Potion            |       |     3 |     2 |       |       ||     5
 Stab: Paralysed         |       |       |       |    27 |    14 ||    41
       Sleeping          |       |       |       |       |     1 ||     1
Armor: Robe              |     3 |     4 |       |       |       ||     7
       Leather armour    |       |    11 |    65 |    30 |    38 ||   144
       Swamp dragon scal |       |       |       |       |    21 ||    21
Dodge: Dodged            |    18 |    16 |    56 |    67 |    92 ||   249
       Repelled          |       |       |       |     3 |     4 ||     7
